 Dungeon Crawl Stone Soup version 0.32-a0-675-gdc239d62e1 (webtiles) character file.

Game seed: 6864993013947181172

9863 zenocrate the Magician (level 11, -12/70 HPs)
             Began as an Octopode Earth Elementalist on Mar 7, 2024.
             Was an Initiate of Gozag.
             Mangled by a komodo dragon (31 damage)
             ... on level 1 of the Lair of Beasts on Mar 11, 2024.
             The game lasted 00:27:55 (8287 turns).

zenocrate the Magician (OpEE)                       Turns: 8287, Time: 00:27:55

Health: -12/70     AC:  5    Str: 13    XL:     11   Next: 53%
Magic:  21/21      EV: 21    Int: 22    God:    Gozag
Gold:   1288       SH:  0    Dex: 13    Spells: 1/24 levels left

rFire   . .          .
                       - Unarmed
rCold   . . .        (no shield)
rNeg    + . .        (helmet restricted)
rPois   +            h - amulet of magic regeneration
rElec   .            b - ring of poison resistance
rCorr   +            c - +4 ring of protection
SInv    .            e - ring of resist corrosion
Will    .....        y - +6 ring of strength
Stlth   +++          D - +5 ring of evasion
HPRegen 0.31/turn    F - ring of positive energy
MPRegen 0.57/turn    (no ring)
                     (no ring)

%: no passive effects
@: no status effects
A: almost no armour, amphibious, 8 rings, camouflage 1, gelatinous body 1,
(nimble swimmer 1), tentacles
a: Renounce Religion, Potion Petition, Call Merchant, Bribe Branch


You were on level 1 of the Lair of Beasts.
You worshipped Gozag.
Gozag was most pleased with you.
You visited 3 branches of the dungeon, and saw 11 of its levels.

You collected 1336 gold pieces.
You paid 48 gold pieces to Gozag.

Inventory:

Magical Staves
 a - a staff of conjuration
Jewellery
 b - a ring of poison resistance (left tentacle)
 c - a +4 ring of protection (right tentacle)
 e - a ring of resist corrosion (on tentacle)
 h - an amulet of magic regeneration (around mantle)
 x - an amulet of the acrobat
 y - a +6 ring of strength (on tentacle)
 D - a +5 ring of evasion (on tentacle)
 F - a ring of positive energy (on tentacle)
Talismans
 f - a maw talisman
Wands
 i - a wand of paralysis (35)
 s - a wand of acid (10)
 H - a wand of flame (5)
Scrolls
 d - 2 scrolls of enchant weapon {unknown}
 g - 2 scrolls of vulnerability
 k - 2 scrolls of blinking {unknown}
 n - 2 scrolls of acquirement {unknown}
 o - 2 scrolls of enchant armour {unknown}
 t - 2 scrolls of poison {unknown}
 w - a scroll of silence {unknown}
 B - a scroll of fog {unknown}
 E - a scroll of noise {unknown}
 G - a scroll of teleportation {unknown}
Potions
 j - a potion of heal wounds {unknown}
 l - a potion of magic
 m - a potion of lignification {unknown}
 p - 2 potions of berserk rage {unknown}
 q - a potion of invisibility {unknown}
 r - a potion of attraction {unknown}
 u - a potion of cancellation {unknown}
 v - 2 potions of curing
 z - a potion of mutation {unknown}
 A - a potion of ambrosia {unknown}
 C - a potion of enlightenment
 I - a potion of haste {unknown}


   Skills:
 + Level 4.7 Fighting
 + Level 7.0 Dodging
 - Level 2.6 Stealth
 * Level 5.9 Unarmed Combat
 + Level 7.2 Spellcasting
 - Level 6.0 Conjurations
 + Level 4.5 Hexes
 - Level 6.6 Earth Magic
 + Level 2.1 Alchemy
 - Level 6.0 Evocations
 + Level 4.1 Shapeshifting


You had one spell level left.
You knew the following spells:

 Your Spells              Type           Power      Damage    Failure   Level
a - Stone Arrow           Conj/Erth      70%        3d11      1%          3
b - Sandblast             Erth           74%        2d16      1%          1
c - Yara's Violent Unrav  Hex/Alch       11%        3d6       50%         5
d - Enfeeble              Hex            14%        N/A       100%        7
m - Apportation           Tloc           14%        N/A       9%          1
y - Swiftness             Air            7%         N/A       24%         3
z - Passwall              Erth           37%        N/A       1%          3

Your spell library contained the following spells:

 Spells                   Type           Power      Damage    Failure   Level
 Sting                    Conj/Alch      100%       1d9       1%          1
 Necrotise                Necr           28%        1d5       9%          1
 Summon Small Mammal      Summ           28%        N/A       9%          1
 Jinxbite                 Hex            56%        N/A       1%          2
 Confusing Touch          Hex            28%        N/A       3%          3
 Ensorcelled Hibernation  Hex/Ice        36%        N/A       4%          2
 Brom's Barrelling Bould  Conj/Erth      35%        2d5       6%          4
 Petrify                  Alch/Erth      27%        N/A       13%         4
 Anguish                  Hex/Necr       9%         N/A       30%         4


Dungeon Overview and Level Annotations

Branches:
Dungeon (10/15)            Temple (1/1) D:5            Lair (1/5) D:10
    Orc: D:9-12

Altars:
Ashenzari
Cheibriados
Dithmenos
Elyvilon
Gozag
Hepliaklqana
Kikubaaqudgha
Makhleb
Nemelex Xobeh
Okawaru
Qazlal
Ru
Sif Muna
Trog
Uskayaw
Vehumet
Wu Jian
Xom
Yredelemnul
Zin
The Shining One

Shops:
D:1 =


Innate Abilities, Weirdness & Mutations

You cannot wear most types of armour.
You are amphibious.
You can wear up to eight rings at the same time.
Your skin changes colour to match your surroundings (Stealth+).
Your rubbery body absorbs attacks. (AC +1, EV +1)
((You are camouflaged when in or above water. (Stealth+)))
You have tentacles for arms and can constrict up to eight enemies at once.


Message History

You feel a surge of power!
You miscast Stone Arrow.
You are very lightly contaminated with residual magic.
Nothing appears to happen.
You hit the komodo dragon.
You blast the komodo dragon.
The komodo dragon is lightly wounded.
The komodo dragon barely misses you.
You hit the komodo dragon but do no damage.
Your squeeze misses the komodo dragon.
The komodo dragon is lightly wounded.
The komodo dragon bites you!!
You barely miss the komodo dragon.
You squeeze the komodo dragon, but do no damage.
The komodo dragon is lightly wounded.
The komodo dragon completely misses you.
The komodo dragon misses you.
You hit the komodo dragon but do no damage.
You blast the komodo dragon.
Your squeeze misses the komodo dragon.
The komodo dragon is lightly wounded.
The komodo dragon bites you!
You are now empty-tentacled.
You barely miss the komodo dragon.
You tentacle-slap the komodo dragon, but do no damage.
The komodo dragon is lightly wounded.
The komodo dragon misses you.
Your magical contamination has completely faded away.
You completely miss the komodo dragon. Your squeeze misses the komodo dragon.
The komodo dragon is lightly wounded.
The komodo dragon misses you.
You tentacle-slap the komodo dragon.
The komodo dragon is lightly wounded.
The komodo dragon closely misses you.
You barely miss the komodo dragon.
The komodo dragon is lightly wounded.
The komodo dragon bites you!!
* * * LOW HITPOINT WARNING * * *
You tentacle-slap the komodo dragon but do no damage.
The komodo dragon is lightly wounded.
The komodo dragon bites you!!
You die...
Your body crumbles into a pile of gold.

##.........##..##.##
....................
...................
#............)..#
#...............# #
#...........$...#
#.#####...............#.
........................
.........####...@l......
######...###...#####..##
#P..P###...# l#
##...##...## #...####..#
#######..# #..##
#)#.###..####...####
.....................
.....................


You could see a komodo dragon.

Vanquished Creatures
  A two-headed ogre (D:8)
  Amaemon (D:7)
  Pikel (D:9)
  Joseph (D:7)
  An orange demon (D:8)
  Jeremiah (D:7)
  Maggie (D:7)
  Psyche (D:8)
  3 komodo dragons
  A troll (D:10)
  5 blink frogs (Lair:1)
  2 wraiths
  A wyvern (D:8)
  2 steam dragons
  Menkaure (D:7)
  An acid dragon (D:10)
  4 water moccasins
  4 black bears
  A sky beast (D:7)
  An ice beast (D:6)
  6 orc warriors
  3 ogres
  2 wolves (D:10)
  2 centaurs
  3 lemures (D:9)
  3 kobold brigands
  3 bullfrogs
  3 scorpions
  3 wights (D:8)
  6 killer bees (D:7)
  6 howler monkeys
  4 orc priests
  4 hounds
  A jelly (D:5)
  2 sleepcaps
  Ijyb (D:4)
  4 iguanas
  5 orc wizards
  6 gnolls (D:4)
  11 adders
  2 ufetubi (D:7)
  A dart slug (D:1)
  A ribbon worm (D:4)
  17 orcs
  8 ball pythons
  3 endoplasms
  A giant cockroach (D:2)
  4 goblins
  2 hobgoblins
  6 jackals
  18 kobolds
  4 rats
179 creatures vanquished.

Vanquished Creatures (others)
  A sleepcap (D:5)
1 creature vanquished.

Grand Total: 180 creatures vanquished

Notes
Turn   | Place    | Note
-------+----------+-------------------------------------------
     0 | D:1      | zenocrate the Octopode Earth Elementalist began the quest
                  | for the Orb.
     0 | D:1      | Reached XP level 1. HP: 11/11 MP: 3/3
   400 | D:1      | Reached XP level 2. HP: 17/17 MP: 3/5
   464 | D:1      | Found Qong's Jewellery Shoppe.
   935 | D:2      | Reached XP level 3. HP: 21/21 MP: 4/6
  1130 | D:2      | You fall into a shaft and drop 2 floors!
  1140 | D:4      | Noticed Ijyb
  1144 | D:4      | Noticed an ogre
  1149 | D:4      | Killed an ogre
  1150 | D:4      | Reached XP level 4. HP: 27/27 MP: 5/8
  1154 | D:4      | Learned a level 3 spell: Stone Arrow
  1158 | D:4      | Learned a level 3 spell: Passwall
  1171 | D:4      | Killed Ijyb
  1172 | D:4      | Reached XP level 5. HP: 28/31 MP: 7/9
  1302 | D:4      | Reached XP level 6. HP: 32/36 MP: 8/11
  1325 | D:4      | Learned a level 1 spell: Apportation
  1329 | D:4      | Learned a level 3 spell: Swiftness
  1540 | D:4      | Reached skill level 1 in Evocations
  1880 | D:4      | Reached XP level 7. HP: 40/41 MP: 12/12
  2023 | D:5      | Entered Level 5 of the Dungeon
  2023 | D:5      | Found a stormy altar of Qazlal.
  2205 | D:5      | Reached skill level 5 in Earth Magic
  2360 | D:5      | Found a sacrificial altar of Ru.
  2360 | D:5      | Found a white marble altar of Elyvilon.
  2363 | D:5      | Found an ancient bone altar of Kikubaaqudgha.
  2546 | D:5      | Reached XP level 8. HP: 29/46 MP: 7/14
  2823 | D:5      | Found a staircase to the Ecumenical Temple.
  3049 | Temple   | Entered the Ecumenical Temple
  3068 | Temple   | Became a worshipper of Gozag Ym Sagoz the Greedy
  3157 | D:6      | Reached skill level 5 in Conjurations
  3248 | D:6      | Reached skill level 5 in Spellcasting
  3362 | D:6      | Got the Handbook of Hexes
  3489 | D:6      | Noticed a komodo dragon
  3492 | D:6      | Killed a komodo dragon
  3493 | D:6      | Reached XP level 9. HP: 51/51 MP: 8/17
  3503 | D:6      | Learned a level 5 spell: Yara's Violent Unravelling
  3618 | D:6      | Found a glowing golden altar of the Shining One.
  3898 | D:7      | Reached skill level 1 in Unarmed Combat
  3943 | D:7      | Reached skill level 1 in Fighting
  3943 | D:7      | Reached skill level 5 in Dodging
  3943 | D:7      | Reached skill level 1 in Hexes
  3943 | D:7      | Reached skill level 1 in Shapeshifting
  4249 | D:7      | Noticed Joseph
  4253 | D:7      | Paralysed by Joseph for 2 turns
  4260 | D:7      | Killed Joseph
  4402 | D:7      | Noticed Jeremiah
  4425 | D:7      | Killed Jeremiah
  4426 | D:7      | Reached XP level 10. HP: 22/61 MP: 5/19
  4589 | D:7      | Noticed Menkaure
  4591 | D:7      | Killed Menkaure
  4683 | D:7      | Noticed Maggie
  4690 | D:7      | Killed Maggie
  4895 | D:7      | Upgraded the game from 0.32-a0-643-ga006e7742e to
                  | 0.32-a0-656-g3542139ebd
  5070 | D:8      | Noticed an orange demon
  5071 | D:8      | Noticed Amaemon
  5077 | D:8      | Killed an orange demon
  5078 | D:8      | Paralysed by Amaemon for 2 turns
  5253 | D:7      | Killed Amaemon
  5322 | D:8      | Identified the +6 plate armour of the Dungeon {rF++}
  5398 | D:8      | Noticed Psyche
  5458 | D:8      | Killed Psyche
  5904 | D:8      | Reached skill level 5 in Evocations
  6052 | D:8      | Noticed a two-headed ogre
  6062 | D:8      | Killed a two-headed ogre
  6342 | D:9      | Upgraded the game from 0.32-a0-656-g3542139ebd to
                  | 0.32-a0-675-gdc239d62e1
  6717 | D:9      | Noticed Pikel
  6733 | D:9      | Killed Pikel
  6734 | D:9      | Reached skill level 5 in Unarmed Combat
  6734 | D:9      | Reached XP level 11. HP: 50/69 MP: 15/21
  6743 | D:9      | Learned a level 7 spell: Enfeeble
  7215 | D:10     | Entered Level 10 of the Dungeon
  7265 | D:10     | Found a staircase to the Lair.
  7286 | D:10     | Reached skill level 1 in Alchemy
  7739 | D:10     | Found a hazy altar of Hepliaklqana.
  7944 | Lair:1   | Entered Level 1 of the Lair of Beasts
  8287 | Lair:1   | Mangled by a komodo dragon

Illustrated notes

Levels and vault maps discovered:
D:1:      beargit_arrival_diablo_church, layout_basic, serial_shops,
          nicolae_shop_hallway_plus
D:2:      layout_basic
D:4:      layout_loops_ring, uniq_ijyb
D:5:      layout_basic, nicolae_qazlal_general_emergency,
          gammafunk_temple_overflow_forgotten, lemuel_temple_firewalk_a
D:6:      layout_rooms, mainiacjoe_overflow_surrounded_room, st_stairs_4
D:7:      layout_basic, uniq_menkaure, uniq_joseph, uniq_jeremiah, uniq_maggie
D:8:      layout_gridville, uniq_psyche, uniq_amaemon
D:9:      layout_basic, uniq_pikel
D:10:     layout_roguey, mainiacjoe_overflow_six_doors_small,
          erik_lair_orcish_takeover
Temple:   regret_index_temple_waves
Lair:1:   layout_small_grid, chequers_serial_rivers_micro_b, grunt_megastairs_5

Skill      XL: |  1  2  3  4  5  6  7  8  9 10 11 |
---------------+----------------------------------+-----
Conjurations   | 2 3 4 6 |  6.0
Spellcasting   | 3 4 5 6 7 |  7.2
Earth Magic    | 4 5 6 |  6.6
Dodging        | 3 4 5 6 7 |  7.0
Evocations     | 1 3 4 5 6 |  6.0
Unarmed Combat | 2 5 |  5.9
Fighting       | 2 4 |  4.7
Hexes          | 2 4 |  4.5
Shapeshifting  | 2 3 4 |  4.1
Alchemy        | 2 |  2.1
Stealth        | |  2.6

Action                     |  1- 3 |  4- 6 |  7- 9 | 10-12 || total
---------------------------+-------+-------+-------+-------++-------
  Melee: Unarmed           |    10 |     9 |       |    17 ||    36
         Constrict         |     4 |     9 |    12 |    12 ||    37
         Tentacles         |     2 |     7 |     4 |    11 ||    24
         Staff             |       |    14 |    43 |    42 ||    99
         Punch             |       |       |       |     1 ||     1
   Cast: Sandblast         |    24 |    30 |       |       ||    54
         Stone Arrow       |       |     9 |    83 |   136 ||   228
  Evoke: Wand              |       |       |     1 |       ||     1
    Use: Scroll            |       |       |     3 |     1 ||     4
         Potion            |       |       |     2 |     1 ||     3
   Stab: Sleeping          |       |     2 |       |       ||     2
         Distracted        |       |       |       |     1 ||     1
 Armour: Skin              |     5 |    19 |    56 |    68 ||   148
  Dodge: Dodged            |    17 |    25 |    67 |    78 ||   187

Table legend: (Time is in decaauts)
 A = Elapsed time spent in this place.
 B = Non-inter-level travel time spent in this place.
 C = Inter-level travel time spent in this place.
 D = Time resting spent in this place.
 E = Time spent auto-exploring this place.
 F = Levels seen in this place.
 G = Mean time per level.
                   A        B        C        D        E       F      G
               +--------+--------+--------+--------+--------+-----+--------+
         Total |   8338 |   7985 |    353 |     25 |   6742 |  11 |  758.0 |
       Dungeon |   8108 |   7792 |    316 |     25 |   6628 |   9 |  900.9 |
        Temple |     38 |      2 |     36 |      0 |      0 |   1 |   38.0 |
          Lair |    191 |    191 |      0 |      0 |    114 |   1 |  191.0 |
               +--------+--------+--------+--------+--------+-----+--------+

Top non-repeatable levels by time:
     D:7: 1486 daAuts
     D:5: 1111 daAuts
     D:8: 976 daAuts
     D:9: 951 daAuts
     D:4: 911 daAuts
    D:10: 882 daAuts
     D:1: 690 daAuts
     D:6: 648 daAuts
     D:2: 448 daAuts
  Lair:1: 191 daAuts
  Temple: 38 daAuts
